 Dungeon Crawl Stone Soup version 0.21.1-1-g345015fe64 (webtiles) character file.

229 gmrwt the Shield-Bearer (level 5, -7/53 HPs)
             Began as a Troll Fighter on Apr 30, 2018.
             Was an Initiate of Makhleb.
             Mangled by supermoro's ghost (16 damage)
             ... on level 5 of the Dungeon.
             The game lasted 00:04:33 (2161 turns).

gmrwt the Shield-Bearer (Troll Fighter)             Turns: 2161, Time: 00:04:34

Health: -7/53      AC:  5    Str: 24    XL:     5   Next: 71%
Magic:  4/4        EV:  9    Int:  4    God:    Makhleb [......]
Gold:   184        SH:  9    Dex: 10    Spells: 4/4 levels left

rFire    . . .     SeeInvis .     - Unarmed
rCold    . . .     Gourm    +   b - +0 shield
rNeg     . . .     Faith    .   a - +0 robe
rPois    .         Spirit   .   (helmet restricted)
rElec    .         Reflect  .   (no cloak)
rCorr    .         Harm     .   (gloves unavailable)
MR       .....                  (boots unavailable)
Stlth    +.........             (no amulet)
HPRegen  0.57/turn              (no ring)
MPRegen  0.09/turn              (no ring)

@: no status effects
A: large, unfitting armour, claws 3, fast metabolism 3, gourmand, regeneration
1, shaggy fur 1, tough skin 2
a: Renounce Religion


You were on level 5 of the Dungeon.
You worshipped Makhleb.
Makhleb was noncommittal.
You were very full.

You visited 2 branches of the dungeon, and saw 6 of its levels.

You collected 184 gold pieces.

Inventory:

Hand Weapons
 t - a +2 whip of flaming
Missiles
 e - 54 stones (quivered)
Armour
 a - a +0 robe (worn)
 b - a +0 shield (worn)
Jewellery
 y - a cursed ring of loudness {unknown}
Scrolls
 f - 7 scrolls of identify {unknown}
 h - a scroll of enchant armour {unknown}
 k - a scroll of magic mapping {unknown}
 l - 3 scrolls of fear {unknown}
 m - 2 scrolls of amnesia {unknown}
 n - 2 scrolls of immolation {unknown}
 o - a scroll of random uselessness {unknown}
 p - a scroll of remove curse {unknown}
 q - a scroll of fog {unknown}
 r - 3 scrolls of teleportation {unknown}
Potions
 c - a potion of might
 g - 2 potions of brilliance {unknown}
 i - 2 potions of curing {unknown}
 j - a potion of berserk rage {unknown}
 s - a potion of heal wounds {unknown}
 u - a potion of flight {unknown}
 w - 2 potions of degeneration {unknown}
 x - a potion of mutation {unknown}
Comestibles
 d - 7 rations


   Skills:
 + Level 3.2 Fighting
 + Level 3.2 Dodging
 * Level 3.9 Shields
 + Level 3.1 Unarmed Combat


You had 4 spell levels left.
You didn't know any spells.

Dungeon Overview and Level Annotations

Branches:
Dungeon (5/15)             Temple (1/1) D:4

Altars:
Ashenzari
Cheibriados
Fedhas
Hepliaklqana
Makhleb
Nemelex Xobeh
Okawaru
Qazlal
Sif Muna
Trog
Wu Jian
Xom
Yredelemnul
The Shining One

Annotations:
D:5 supermoro's ghost, novice MiGl


Innate Abilities, Weirdness & Mutations

You are too large for most types of armour.
You have claws for hands.
Your metabolism is lightning-fast.
You like to eat raw meat.
Your natural rate of healing is unusually fast.
You are covered in fur. (AC +1)
You have very tough skin. (AC +2)


Message History

Supermoro's ghost hits you.
* * * LOW HITPOINT WARNING * * *
You scratch supermoro's ghost but do no damage.
Supermoro's ghost is moderately damaged.
You block supermoro's ghost's attack.
You claw supermoro's ghost!
Supermoro's ghost is moderately damaged.
Supermoro's ghost completely misses you.
You claw supermoro's ghost!
Supermoro's ghost is severely damaged.
Supermoro's ghost holds its blade at the ready.
Supermoro's ghost hits you but does no damage.
You claw supermoro's ghost!
Supermoro's ghost is almost destroyed.
Supermoro's ghost hits you.
* * * LOW HITPOINT WARNING * * *
You scratch supermoro's ghost.
Supermoro's ghost is almost destroyed.
Supermoro's ghost hits you!
You die...

#...# # #.
#...###.# #.
##.......#
.#.##<....####
...#.###.#
....# #.#
#.#.###.#
#W#.....#
#.###@##.####
#........#
#####.#### #.#
#.# #.# #..
###


You could see supermoro's ghost.

Vanquished Creatures
  An orc priest (D:3)
  2 orc wizards (D:4)
  An iguana (D:4)
  4 adders
  An ooze (D:1)
  A worm (D:3)
  A dart slug (D:1)
  3 leopard geckos
  11 orcs
  2 ball pythons
  7 bats
  3 giant cockroaches
  2 goblins
  5 hobgoblins
  5 jackals
  5 kobolds
  A quokka (D:3)
  6 frilled lizards
  4 rats
65 creatures vanquished.

Vanquished Creatures (others)
  5 dream sheep (D:4)
5 creatures vanquished.

Grand Total: 70 creatures vanquished

Notes
Turn   | Place    | Note
-------+----------+-------------------------------------------
     0 | D:1      | gmrwt the Troll Fighter began the quest for the Orb.
     0 | D:1      | Reached XP level 1. HP: 22/22 MP: 0/0
   123 | D:1      | Reached XP level 2. HP: 29/29 MP: 1/1
   349 | D:1      | Reached XP level 3. HP: 36/36 MP: 2/2
  1116 | D:2      | Reached XP level 4. HP: 22/44 MP: 3/3
  1660 | D:3      | Found a hazy altar of Hepliaklqana.
  1723 | D:4      | Reached XP level 5. HP: 53/53 MP: 4/4
  1787 | D:4      | Found a staircase to the Ecumenical Temple.
  1803 | Temple   | Entered the Ecumenical Temple
  1826 | Temple   | Became a worshipper of Makhleb the Destroyer
  1934 | D:4      | Found a stormy altar of Qazlal.
  2104 | D:4      | Found a shimmering altar of Xom.
  2104 | D:4      | Noticed a dream sheep
  2104 | D:4      | Noticed a dream sheep
  2104 | D:4      | Noticed a dream sheep
  2104 | D:4      | Noticed a dream sheep
  2104 | D:4      | Noticed a dream sheep
  2109 | D:4      | Killed a dream sheep
  2110 | D:4      | Killed a dream sheep
  2110 | D:4      | Killed a dream sheep
  2110 | D:4      | Killed a dream sheep
  2111 | D:4      | Killed a dream sheep
  2131 | D:5      | Entered Level 5 of the Dungeon
  2143 | D:5      | Noticed supermoro's ghost (novice MiGl)
  2161 | D:5      | Mangled by supermoro's ghost

Skill      XL: |  1  2  3  4  5 |
---------------+----------------+-----
Shields        | 3 |  3.9
Fighting       | 3 |  3.2
Dodging        | 3 |  3.2
Unarmed Combat | 3 |  3.1

Action                   |  1- 3 |  4- 6 || total
-------------------------+-------+-------++-------
Melee: Unarmed           |   124 |   106 ||   230
  Eat: Chunk             |    16 |     9 ||    25
Armor: Robe              |    50 |    33 ||    83
Dodge: Dodged            |    51 |    24 ||    75
Block: Shield            |    69 |    41 ||   110
